 Dungeon Crawl Stone Soup version 0.21-a0-440-g28109cb (webtiles) character file.

24355 AverageBear the Thaumaturge (level 12, -11/64 HPs)
             Began as a Deep Elf Fighter on Nov 10, 2017.
             Was an Initiate of Ashenzari.
             Killed by divine providence
             ... invoked by an orc priest
              (12 damage)
             ... while paralysed by an orc sorcerer
             ... on level 2 of the Orcish Mines on Nov 11, 2017.
             The game lasted 00:33:11 (16607 turns).

AverageBear the Thaumaturge (Deep Elf Fighter)     Turns: 16607, Time: 00:33:11

Health: -11/64     AC: 16    Str: 14 (19) XL:     12   Next: 79%
Magic:  31/31      EV:  2    Int: 12 (17) God:    Ashenzari [......]
Gold:   1161       SH:  0    Dex: 13 (14) Spells: 18/37 levels left

rFire    x . .     SeeInvis .   a - +5 rapier (curse)
rCold    + . .     Gourm    .   z - +0 buckler {rPois}
rNeg     + + .     Faith    .   U - +0 troll leather armour
rPois    +         Spirit   .   J - +0 helmet
rElec    .         Reflect  .   I - +2 cloak {rPois} (curse)
rCorr    .         Harm     .   p - +2 pair of gloves (curse)
MR       +....     Clarity  +   n - +2 pair of boots (curse)
Stlth    ++++......             (no amulet)
HPRegen  0.60/turn              t - ring "Ureeb" {rPois rN++}
MPRegen  0.22/turn              N - ring of ice

@: paralysed, drained
A: clarity, clever 1, deterioration 1, strong 1
a: Curse Item, Renounce Religion


You were on level 2 of the Orcish Mines.
You worshipped Ashenzari.
Ashenzari was noncommittal.
You were not hungry.

You visited 4 branches of the dungeon, and saw 16 of its levels.
You also visited: Ossuary and Ice Cave.

You collected 1565 gold pieces.
You spent 404 gold pieces at shops.

Inventory:

Hand Weapons
 a - a cursed +5 rapier (weapon)
Missiles
 M - 4 poisoned javelins (quivered)
Armour
 l - the +1 leather armour of the Journeyman {+Inv rElec rN+}
   (You bought it in a shop on level 6 of the Dungeon)

   It insulates you from electricity.
   It protects you from negative energy.
   It lets you turn invisible.
 n - a cursed +2 pair of boots (worn)
 p - a cursed +2 pair of gloves (worn)
 z - a +0 buckler of poison resistance (worn)
 I - a cursed +2 cloak of poison resistance (worn)
 J - a +0 helmet (worn)
 U - a +0 troll leather armour (worn)
Jewellery
 e - an uncursed ring of positive energy
 t - the ring "Ureeb" (left hand) {rPois rN++}
   (You acquired it on level 9 of the Dungeon)

   [ring of poison resistance]

   It protects you from poison.
   It greatly protects you from negative energy.
 v - an uncursed ring of protection from fire
 B - an uncursed ring of protection from fire
 N - a ring of ice (right hand)
 O - an uncursed ring of protection from cold
Wands
 d - a wand of polymorph (18/24)
 y - a wand of iceblast (5/15)
 D - a wand of iceblast (5/15)
 E - a wand of digging (4/24)
 G - a wand of flame (20/48)
 K - a wand of random effects (27/48)
 R - a wand of disintegration (5/24)
 W - a wand of random effects (24/48)
Scrolls
 c - 10 scrolls of remove curse
 i - 2 scrolls of recharging
 w - 3 scrolls of amnesia
 x - 2 scrolls of magic mapping
 C - a scroll of fog
 X - a scroll of enchant armour
Potions
 q - 4 potions of brilliance
 L - 2 potions of ambrosia
 S - a potion of curing
Books
 m - a Young Poisoner's Handbook

   Spells                             Type                      Level
   a - Sting                          Conjuration/Poison           1
   b - Poisonous Vapours              Poison/Air                   2
   c - Mephitic Cloud                 Conjuration/Poison/Air       3
   d - Olgreb's Toxic Radiance        Poison                       4
   e - Venom Bolt                     Conjuration/Poison           5
 u - a book of Ice

   Spells                             Type                      Level
   a - Ice Form                       Ice/Transmutation            4
   b - Metabolic Englaciation         Hexes/Ice                    5
   c - Ozocubu's Refrigeration        Ice                          6
   d - Bolt of Cold                   Conjuration/Ice              6
   e - Freezing Cloud                 Conjuration/Ice/Air          6
   f - Simulacrum                     Ice/Necromancy               6
 H - the Almanac of Mutagenic Stolen Souls
   (You found it in an ice cave)

   Spells                             Type                      Level
   a - Animate Dead                   Necromancy                   4
   b - Bolt of Draining               Conjuration/Necromancy       5
   c - Yara's Violent Unravelling     Hexes/Transmutation          5
   d - Simulacrum                     Ice/Necromancy               6
Comestibles
 f - 3 bread rations
 g - 28 fruits
 h - 9 meat rations


   Skills:
 - Level 2.4(2.2) Fighting
 - Level 10.1(9.9) Short Blades
 - Level 6.0(5.8) Armour
 - Level 12.2(12.0) Dodging
 - Level 11.0(10.8) Stealth
 - Level 4.0(3.8) Shields
 - Level 13.4(13.2) Spellcasting
 - Level 4.0(3.8) Conjurations
 + Level 1.3(1.2) Necromancy
 - Level 3.1(3.0) Poison Magic


You had 18 spell levels left.
You knew the following spells:

 Your Spells              Type           Power        Failure   Level  Hunger
a - Mephitic Cloud        Conj/Pois/Air  ##......     12%         3    None
b - Animate Dead          Necr           N/A          54%         4    ###....
c - Simulacrum            Ice/Necr       ##........   100%        6    ######.
d - Freezing Cloud        Conj/Ice/Air   ###.......   100%        6    ######.


Dungeon Overview and Level Annotations

Branches:
Dungeon (12/15)            Temple (1/1) D:5            Lair (1/6) D:11
    Orc (2/2) D:11            Elf (0/3) Orc:2

Altars:
Ashenzari
Cheibriados
Dithmenos
Elyvilon
Fedhas
Hepliaklqana
Kikubaaqudgha
Makhleb
Nemelex Xobeh
Okawaru
Qazlal
Ru
Trog
Uskayaw
Vehumet
Wu Jian
Xom
Zin
The Shining One
Beogh

Shops:
D:6 [   D:10 *?   Orc:2 }?(%

Annotations:
Lair:1 theclanless's ghost, journeyman TrMo
Orc:2 Beatriz's ghost, journeyman DsAK; Kerberun's ghost, journeyman MiFi


Innate Abilities, Weirdness & Mutations

You possess an exceptional clarity of mind.
Your mind is acute. (Int +2)
Your body sometimes deteriorates upon taking damage.
Your muscles are strong. (Str +2)


Message History

The orcs go into a battle-frenzy!
The orc sorcerer casts a spell at you.
Helpless, you fail to dodge the bolt of negative energy.
You partially resist.
You feel drained.
The orc priest calls down the wrath of Beogh upon you.
Beogh smites you!
Your body deteriorates!
You feel dopey. The orc sorcerer casts a spell at you.
Helpless, you fail to dodge the bolt of fire.
The fire burns you terribly!
* * * LOW HITPOINT WARNING * * *
Your body deteriorates!
You feel dopey.
The orc wizard moves out of view.
The orc high priest calls down the wrath of Beogh upon you.
Beogh smites you!
* * * LOW HITPOINT WARNING * * *
The orc sorcerer hits you but does no damage.
The orc priest calls down the wrath of Beogh upon you.
Beogh smites you!
You die...

##......#
###.####
######.######
#...........#
#...####.####...
. #.# #.# #.#
#@# #o.oo5..#
#..oooo...#
#.oo.o5.3oo.#
.o..........oo.
.##...o.....##.
.##.....##. ∩.
.##.##. .∩


You could see 4 orc knights, 3 orc high priests, a ynoxinul, 4 orc sorcerers, an
orc warrior, 4 orc priests and 2 ufetubi.

Vanquished Creatures
  Snorg (D:11)
  4 two-headed ogres
  A death yak (IceCv)
  An orc knight (Orc:1)
  An orc sorcerer (Orc:1)
  2 ugly things (D:11)
  A cyclops (D:11)
  Maurice (D:11)
  7 polar bears (IceCv)
  2 trolls
  Grinder (D:6)
  A hippogriff (D:9)
  Prince Ribbit (D:6)
  Sigmund (D:3)
  8 spriggans (D:11)
  28 yaks
  Grum (D:10)
  A hungry ghost (D:11)
  2 wargs (Orc:1)
  2 hell hounds (D:11)
  3 water moccasins
  8 orc warriors
  2 black bears
  3 ice beasts
  A phantom (D:7)
  2 sky beasts
  An eye of draining (D:12)
  9 ogres
  21 wolves
  6 centaurs
  3 crocodiles
  The ghost of AverageBear the Cutter, an amateur DEFi (D:3)
  3 big kobolds
  3 bullfrogs
  A water moccasin zombie (D:9)
  3 scorpions
  23 killer bees
  7 wights
  3 howler monkeys (D:11)
  7 crimson imps
  Crazy Yiuf (D:6)
  A centaur zombie (D:5)
  A human zombie (Ossuary)
  A jelly (D:9)
  15 orc wizards
  A gnoll shaman (Orc:2)
  12 orc priests
  A bullfrog skeleton (D:9)
  8 hounds
  2 centaur skeletons
  4 iguanas
  Natasha (thrice) (D:2 D:4)
  8 worker ants
  A big kobold zombie (Ossuary)
  2 hound skeletons
  4 mummies (Ossuary)
  A howler monkey skeleton (D:4)
  8 gnolls
  14 adders
  3 shadow imps
  12 white imps (Lair:1)
  An adder zombie (Ossuary)
  4 worms
  2 adder skeletons (D:4)
  2 dart slugs
  9 leopard geckos
  46 orcs
  6 giant cockroaches
  A gnoll zombie (Ossuary)
  8 goblins
  10 hobgoblins
  17 jackals
  5 quokkas
  4 ball pythons
  7 bats
  4 frilled lizards
  A goblin zombie (Ossuary)
  A hobgoblin zombie (Ossuary)
  3 jackal zombies (Ossuary)
  13 kobolds
  2 kobold zombies (Ossuary)
  An orc zombie (Ossuary)
  A quokka skeleton (D:4)
  9 rats
437 creatures vanquished.

Notes
Turn   | Place    | Note
-------+----------+-------------------------------------------
     0 | D:1      | AverageBear the Deep Elf Fighter began the quest for the Orb.
     0 | D:1      | Reached XP level 1. HP: 13/13 MP: 3/3
   240 | D:1      | Reached XP level 2. HP: 18/18 MP: 4/4
   583 | D:1      | Reached XP level 3. HP: 22/22 MP: 5/5
  1187 | D:2      | Found a sacrificial altar of Ru.
  1244 | D:2      | Reached XP level 4. HP: 22/27 MP: 6/6
  1493 | D:2      | Noticed Natasha
  1503 | D:2      | Killed Natasha
  1872 | D:3      | Reached skill level 5 in Short Blades
  1884 | D:3      | Found a stormy altar of Qazlal.
  1915 | D:3      | Noticed Sigmund
  1924 | D:3      | Killed Sigmund
  1924 | D:3      | Reached XP level 5. HP: 8/31 MP: 7/7
  1924 | D:3      | Reached XP level 6. HP: 9/36 MP: 8/8
  2376 | D:3      | Found a snail-covered altar of Cheibriados.
  2709 | D:3      | Noticed AverageBear's ghost (amateur DEFi)
  2731 | D:3      | Killed AverageBear's ghost
  3003 | D:4      | Found a shadowy altar of Dithmenos.
  3057 | D:4      | Reached XP level 7. HP: 39/40 MP: 9/9
  3456 | D:4      | Noticed Natasha
  3483 | D:4      | Killed Natasha
  3601 | D:4      | Reached skill level 5 in Dodging
  3760 | D:4      | Noticed Natasha
  3773 | D:4      | Killed Natasha
  4141 | D:4      | Found a white marble altar of Elyvilon.
  4142 | D:4      | Found a radiant altar of Vehumet.
  4458 | D:5      | Entered Level 5 of the Dungeon
  4522 | D:5      | Found a sand-covered staircase.
  4528 | Ossuary  | Entered an ossuary
  5206 | D:5      | Reached XP level 8. HP: 18/45 MP: 10/10
  5966 | D:5      | Found a staircase to the Ecumenical Temple.
  6358 | D:6      | Noticed Prince Ribbit
  6516 | D:6      | Noticed Grinder
  6526 | D:6      | Killed Grinder
  6526 | D:6      | Reached XP level 9. HP: 49/49 MP: 11/11
  6596 | D:6      | Found a burning altar of Makhleb.
  6625 | D:6      | Found Eretzih's Antique Armour Emporium.
  6628 | D:6      | Bought a fine leather armour for 217 gold pieces
  6638 | D:6      | Identified the +1 leather armour of the Journeyman {+Inv rElec rN+} (You bought it in a shop on level 6 of the Dungeon)
  6872 | D:6      | Found a runed door.
  6916 | D:6      | Killed Prince Ribbit
  6943 | D:6      | Noticed Crazy Yiuf
  6948 | D:6      | Killed Crazy Yiuf
  7187 | D:7      | Found an ornate altar of the Wu Jian Council.
  7474 | D:7      | Found an ancient bone altar of Kikubaaqudgha.
  7477 | D:7      | Found a blossoming altar of Fedhas.
  7501 | D:7      | Reached skill level 10 in Short Blades
  8209 | D:8      | Noticed a two-headed ogre
  8225 | D:8      | Killed a two-headed ogre
  8225 | D:8      | Reached skill level 10 in Dodging
  8225 | D:8      | Reached XP level 10. HP: 32/54 MP: 12/12
  8617 | D:8      | Noticed a two-headed ogre
  8630 | D:8      | Gained mutation: Your body sometimes deteriorates upon taking damage. [potion of mutation]
  8630 | D:8      | Gained mutation: You possess an exceptional clarity of mind. [potion of mutation]
  8630 | D:8      | Gained mutation: Your mind is acute. (Int +2) [potion of mutation]
  8630 | D:8      | Gained mutation: Your muscles are strong. (Str +2) [potion of mutation]
  8675 | D:8      | Killed a two-headed ogre
  9618 | D:9      | Reached skill level 5 in Armour
  9925 | D:10     | Entered Level 10 of the Dungeon
 10184 | D:10     | Reached skill level 1 in Stealth
 10224 | D:10     | Found Fira's Magic Scroll Shop.
 10231 | D:10     | Bought a scroll of remove curse for 33 gold pieces
 10231 | D:10     | Bought a scroll of remove curse for 33 gold pieces
 10231 | D:10     | Bought a scroll of remove curse for 33 gold pieces
 10231 | D:10     | Bought a scroll of remove curse for 33 gold pieces
 10231 | D:10     | Bought a scroll of remove curse for 33 gold pieces
 10231 | D:10     | Bought a scroll of identify for 22 gold pieces
 10261 | D:10     | Noticed Grum
 10548 | D:9      | Identified a scroll of acquirement
 10551 | D:9      | Got a smoking lapis lazuli ring
 10553 | D:9      | Identified the ring "Ureeb" {rPois rN++} (You acquired it on level 9 of the Dungeon)
 10742 | D:10     | Killed Grum
 11168 | D:10     | Found Loigigha's General Store.
 11257 | D:11     | Reached skill level 5 in Stealth
 11316 | D:11     | Reached XP level 11. HP: 58/58 MP: 13/13
 11338 | D:11     | Noticed a two-headed ogre
 11412 | D:11     | Killed a two-headed ogre
 11544 | D:11     | Noticed a two-headed ogre
 11573 | D:11     | Killed a two-headed ogre
 11860 | D:11     | Noticed Maurice
 11881 | D:11     | Killed Maurice
 11881 | D:11     | Reached skill level 10 in Stealth
 11961 | D:11     | Noticed Snorg
 12000 | D:11     | Killed Snorg
 12024 | D:11     | Noticed a white ugly thing
 12037 | D:11     | Killed a white ugly thing
 12037 | D:11     | Reached skill level 2 in Spellcasting
 12040 | D:11     | Gained mutation: Your mind is very acute. (Int +4) [mutagenic meat]
 12041 | D:11     | Lost mutation: Your mind is very acute. (Int +4) [mutagenic meat]
 12053 | D:11     | Reached skill level 3 in Spellcasting
 12062 | D:11     | Reached skill level 4 in Spellcasting
 12166 | D:11     | Reached skill level 5 in Spellcasting
 12249 | D:11     | Noticed a green ugly thing
 12261 | D:11     | Killed a green ugly thing
 12271 | D:11     | Reached skill level 6 in Spellcasting
 12299 | D:11     | Found a staircase to the Orcish Mines.
 12419 | D:11     | Noticed a two-headed ogre
 12420 | D:11     | Noticed a death knight
 12443 | D:11     | Reached skill level 7 in Spellcasting
 12582 | D:11     | Found a staircase to the Lair.
 12813 | D:11     | Reached skill level 8 in Spellcasting
 13140 | Lair:1   | Entered Level 1 of the Lair of Beasts
 13192 | Lair:1   | Reached skill level 9 in Spellcasting
 13192 | Lair:1   | Reached XP level 12. HP: 57/64 MP: 25/27
 13223 | Lair:1   | Found a frozen archway.
 13294 | IceCv    | Entered an ice cave
 13420 | IceCv    | Reached skill level 10 in Spellcasting
 13640 | IceCv    | Reached skill level 11 in Spellcasting
 13791 | IceCv    | Reached skill level 12 in Spellcasting
 14106 | IceCv    | Noticed a death yak
 14147 | IceCv    | Killed a death yak
 14262 | IceCv    | Reached skill level 13 in Spellcasting
 14301 | IceCv    | Noticed ryw's ghost (adept GnWn)
 14340 | IceCv    | Noticed a frost giant
 14340 | IceCv    | Noticed a death yak
 14344 | IceCv    | Identified the Almanac of Mutagenic Stolen Souls
 14346 | IceCv    | HP: 1/64 [death yak (10)]
 14593 | Temple   | Entered the Ecumenical Temple
 14654 | Temple   | Became a worshipper of Ashenzari the Shackled
 14798 | Lair:1   | Noticed theclanless's ghost (journeyman TrMo)
 14928 | Orc:1    | Entered Level 1 of the Orcish Mines
 14944 | Orc:1    | Found a roughly hewn altar of Beogh.
 14987 | D:11     | Learned a level 3 spell: Mephitic Cloud
 15047 | Orc:1    | Reached skill level 1 in Poison Magic
 15160 | Orc:2    | Entered Level 2 of the Orcish Mines
 15160 | Orc:2    | Found Gehoh's Gadget Shoppe.
 15192 | Orc:2    | Noticed Kerberun's ghost (journeyman MiFi)
 15700 | Orc:2    | Found Pecy's Food Emporium.
 15751 | Orc:2    | Noticed Beatriz's ghost (journeyman DsAK)
 15942 | Orc:1    | Reached skill level 1 in Conjurations
 16481 | Orc:1    | Learned a level 4 spell: Animate Dead
 16488 | Orc:1    | Learned a level 6 spell: Simulacrum
 16495 | Orc:1    | Learned a level 6 spell: Freezing Cloud
 16533 | Orc:2    | Reached skill level 1 in Necromancy
 16592 | Orc:2    | Found a staircase to the Elven Halls.
 16603 | Orc:2    | Noticed an orc high priest
 16603 | Orc:2    | Noticed an orc high priest
 16603 | Orc:2    | Noticed an orc high priest
 16605 | Orc:2    | Found Liunt's Antique Weapon Emporium.
 16605 | Orc:2    | Found Nockus's Magic Scroll Emporium.
 16605 | Orc:2    | Paralysed by an orc sorcerer for 7 turns
 16607 | Orc:2    | HP: 1/64 [orc high priest/divine providence (9)]
 16607 | Orc:2    | Killed from afar by an orc priest

Vault maps used:
D:1:      elethiomel_arrival_infinity_welcomes_careful_drivers
D:2:      nicolae_ru_awakened_eye, st_stairs_5, corner_web_ring,
          grunt_decor_cap, hangedman_feature_mirror, nrook_uturn, minivault_24,
          guppyfry_early_orc_mine, uniq_natasha
D:3:      lemuel_doored_altar, grunt_ministairs_1, grunt_qazlal_clouds,
          uniq_sigmund
D:4:      overflow_temple_1_default, chequers_temple_overflow_statue_of_worship,
          first_bread, minivault_11
D:5:      minmay_temple_entry_junction, nicolae_ossuary_entry_plus
D:6:      makhleb_heckhound_becter, serial_shops, nicolae_shop_behind_doors,
          uniq_grinder, uniq_crazy_yiuf_cottage, uniq_prince_ribbit1
D:7:      grunt_temple_overflow_growth_and_decay, basic_altar
D:8:      blue_anna_alchemist
D:10:     serial_shops, nicolae_shop_crystal, shop, uniq_grum
D:11:     kb_forest_paths, minmay_lair_entry_lava, serial_co_window_serial,
          co_window_paths_b, co_window_corner_a, co_window_paths_b,
          co_window_corner_a, co_window_paths_a, co_window_2corner,
          co_window_cross_2, co_window_cross_2, co_window_unsneaky_path_c,
          glass_columns_b, glass_columns_c, due_unseen_surprise, uniq_maurice,
          uniq_snorg
D:12:     hangedman_abyss_or_decor_clamps
Temple:   dshaligram_water_room_temple
Lair:1:   portal_ice_cave_entry_imps
Orc:1:    basic_altar
Orc:2:    st_orc_elflike, serial_shops, nicolae_shop_trees, shop,
          nicolae_shop_statue_plus, shop_fountains
Ossuary:  ossuary_minmay_tomb_2a
IceCv:    ice_cave_caverns_01

Skill      XL: |  1  2  3  4  5  6  7  8  9 10 11 12 |
---------------+-------------------------------------+-----
Short Blades   | 3 4 6 7 8 10 | 10.1
Dodging        | 3 7 8 10 12 | 12.2
Armour         | 4 6 |  6.0
Shields        | 4 |  4.0
Stealth        | 6 11 | 11.0
Spellcasting   | 9 13 | 13.4
Poison Magic   | 3 |  3.1
Conjurations   | 4 |  4.0
Necromancy     | 1 |  1.3
Fighting       | |  2.4

Action                   |  1- 3 |  4- 6 |  7- 9 | 10-12 || total
-------------------------+-------+-------+-------+-------++-------
Melee: Rapier            |   132 |    91 |   452 |  1495 ||  2170
       Unarmed           |       |     2 |       |       ||     2
       Dagger            |       |    66 |   147 |     7 ||   220
 Cast: Mephitic Cloud    |       |       |       |    19 ||    19
Invok: Curse Item        |       |       |       |     4 ||     4
 Abil: Evoke Invisibilit |       |       |       |     2 ||     2
Evoke: Wand              |       |       |       |    24 ||    24
  Use: Scroll            |     5 |     1 |    16 |    16 ||    38
       Potion            |       |     2 |     7 |     8 ||    17
 Stab: Sleeping          |       |       |     1 |    17 ||    18
       Distracted        |       |       |       |     1 ||     1
       Confused          |       |       |       |    15 ||    15
       Invisible         |       |       |       |     8 ||     8
  Eat: Chunk             |     1 |     6 |    11 |    27 ||    45
       Fruit             |       |       |     1 |       ||     1
       Bread ration      |       |       |     1 |       ||     1
       Royal jelly       |       |       |       |     3 ||     3
Armor: Scale mail        |    48 |    48 |    83 |       ||   179
       Leather armour    |       |       |    49 |    95 ||   144
       Troll leather arm |       |       |       |   191 ||   191
Dodge: Dodged            |    48 |    57 |   324 |  1144 ||  1573
Block: Shield            |     7 |       |       |       ||     7
       Buckler           |    22 |    22 |    92 |   311 ||   447

Table legend:
 A = Spawn XP
 B = Non-spawn XP
 C = Spawn XP percentage of total XP
 D = Spawn monster count
 E = Non-spawn monster count
 F = Spawn count percentage of total count
 G = Total turns spent on level
                    A         B        C        D         E        F      G
               +---------+---------+-------+---------+---------+-------+---------
         Total |       0 |   34793 |   0.0 |       0 |     437 |   0.0 | 16607
               +---------+---------+-------+---------+---------+-------+---------
           D:1 |       0 |      47 |   0.0 |       0 |      20 |   0.0 |   814
           D:2 |       0 |     112 |   0.0 |       0 |      30 |   0.0 |  1016
           D:3 |       0 |     519 |   0.0 |       0 |      33 |   0.0 |  1158
           D:4 |       0 |     498 |   0.0 |       0 |      26 |   0.0 |  1470
           D:5 |       0 |     847 |   0.0 |       0 |      29 |   0.0 |   983
           D:6 |       0 |    1485 |   0.0 |       0 |      26 |   0.0 |  1217
           D:7 |       0 |    1269 |   0.0 |       0 |      18 |   0.0 |  1049
           D:8 |       0 |    2045 |   0.0 |       0 |       5 |   0.0 |  1186
           D:9 |       0 |    2127 |   0.0 |       0 |      35 |   0.0 |  1320
          D:10 |       0 |    1298 |   0.0 |       0 |      26 |   0.0 |   671
          D:11 |       0 |   10485 |   0.0 |       0 |      59 |   0.0 |  1872
          D:12 |       0 |     134 |   0.0 |       0 |       2 |   0.0 |    77
        Lair:1 |       0 |    1263 |   0.0 |       0 |      18 |   0.0 |   216
         Orc:1 |       0 |    2875 |   0.0 |       0 |      27 |   0.0 |  1259
         Orc:2 |       0 |     982 |   0.0 |       0 |      23 |   0.0 |   412
       Ossuary |       0 |     157 |   0.0 |       0 |      16 |   0.0 |   646
         IceCv |       0 |    8650 |   0.0 |       0 |      44 |   0.0 |  1156
               +---------+---------+-------+---------+---------+-------+---------
